 Dungeon Crawl Stone Soup version 0.24.0-123-gd5b16e6ec5 (webtiles) character file.

Game seed: 389167596564894793, levelgen mode: deterministic

13290 Bergy the Basher (level 12, -10/72 HPs)
             Began as a Gargoyle Fighter on Jan 1, 2020.
             Was a Priest of Makhleb.
             Killed from afar by a ynoxinul (15 damage)
             ... with an iron shot
             ... summoned by the player character
             ... on level 1 of the Lair of Beasts.
             The game lasted 00:46:34 (11101 turns).

Bergy the Basher (Gargoyle Fighter)                Turns: 11101, Time: 00:46:34

Health: -10/72     AC: 22    Str: 27    XL:     12   Next: 4%
Magic:  12/12      EV:  9    Int:  9    God:    Makhleb [***...]
Gold:   399        SH: 12    Dex:  9    Spells: 11/11 levels left

rFire    . . .     SeeInvis .   l - +2 demon whip (elec)
rCold    + . .     Gourm    .   c - +0 shield
rNeg     + . .     Faith    .   v - +3 scale mail
rPois    ∞         Spirit   .   H - +1 helmet
rElec    +         Reflect  .   C - scarf {cloud immunity}
rCorr    .         Harm     .   (no gloves)
MR       .....                  (no boots)
Stlth    ..........             r - amulet of regeneration
HPRegen  0.62/turn              B - ring of protection from cold
MPRegen  0.13/turn              d - +2 ring of strength

@: very slightly contaminated, invisible
A: negative energy resistance 1, electricity resistance, unbreathing,
petrification resistance, rot immunity, AC +8
a: Minor Destruction, Lesser Servant of Makhleb, Renounce Religion


You were on level 1 of the Lair of Beasts.
You worshipped Makhleb.
Makhleb was most pleased with you.
You were hungry.

You visited 3 branches of the dungeon, and saw 12 of its levels.

You collected 399 gold pieces.

Inventory:

Hand Weapons
 l - a +2 demon whip of electrocution (weapon)
Armour
 c - a +0 shield (worn)
 v - a +3 scale mail (worn)
 C - a scarf of cloud immunity (worn)
 H - a +1 helmet (worn)
 K - a +1 ring mail of magic resistance
 M - a +0 plate armour
Jewellery
 d - a +2 ring of strength (right hand)
 r - an amulet of regeneration (around neck)
 x - an uncursed ring of wizardry
 B - a ring of protection from cold (left hand)
Wands
 m - a wand of paralysis (26)
 o - a wand of digging (12)
 z - a wand of flame (13)
 F - a wand of scattershot (8)
 I - a wand of iceblast (9)
 J - a wand of acid (4)
Scrolls
 a - 2 scrolls of identify
 b - a scroll of fog {unknown}
 e - 4 scrolls of remove curse
 h - a scroll of blinking {unknown}
 i - 2 scrolls of fear
 p - 11 scrolls of teleportation
 t - 2 scrolls of amnesia
 y - 3 scrolls of enchant armour
 D - 3 scrolls of magic mapping
Potions
 g - 2 potions of magic {unknown}
 k - a potion of brilliance {unknown}
 n - 2 potions of flight {unknown}
 q - a potion of ambrosia {unknown}
 s - 2 potions of degeneration {unknown}
 u - 2 potions of lignification {unknown}
 A - a potion of resistance {unknown}
Comestibles
 f - 25 rations
 E - 7 chunks of flesh


   Skills:
 + Level 7.1 Fighting
   Level 0.4(8.6) Axes
 - Level 14.0(14.1) Maces & Flails
 + Level 7.6 Armour
 * Level 10.4 Shields


You had 11 spell levels left.
You didn't know any spells.
Your spell library contained the following spells:

 Spells                   Type           Power        Failure   Level  Hunger
 Beastly Appendage        Tmut           #.....       83%         1    ##.....
 Confusing Touch          Hex            #.....       83%         1    ##.....
 Sticks to Snakes         Tmut           #.......     92%         2    ###....
 Confuse                  Hex            #.......     99%         3    ####...
 Gell's Gravitas          Tloc           #.........   99%         3    ####...
 Spider Form              Tmut/Pois      #.........   99%         3    ####...
 Ice Form                 Ice/Tmut       #.......     100%        4    #####..
 Petrify                  Tmut/Erth      #.......     100%        4    #####..
 Blade Hands              Tmut           #.........   100%        5    ######.
 Metabolic Englaciation   Hex/Ice        #.........   100%        5    ######.
 Yara's Violent Unravell  Hex/Tmut       #.........   100%        5    ######.


Dungeon Overview and Level Annotations

Branches:
Dungeon (10/15)            Temple (1/1) D:5            Lair (1/6) D:10
    Orc (0/2) D:10

Altars:
Ashenzari
Cheibriados
Dithmenos
Elyvilon
Fedhas
Gozag
Hepliaklqana
Kikubaaqudgha
Makhleb
Nemelex Xobeh
Okawaru
Qazlal
Ru
Sif Muna
Trog
Uskayaw
Vehumet
Wu Jian
Xom
Yredelemnul
Zin
The Shining One

Shops:
D:5 *

Annotations:
D:4 1 runed translucent door, marsu's ghost, novice DENe
D:9 3 runed translucent doors, demivan's ghost, novice MiFi


Innate Abilities, Weirdness & Mutations

You are resistant to torment.
Your stone body is resilient. (AC +8)
You are immune to poison.
You resist negative energy. (rN+)
You are resistant to electric shocks. (rElec)
You can survive without breathing.
You are immune to petrification.
You are immune to rotting.


Message History

You whack the komodo dragon!
Lightning courses through the komodo dragon!
You kill the komodo dragon!
Makhleb accepts your kill.
You feel better. The ynoxinul gestures at you. The iron shot hits you!!
* * * LOW HITPOINT WARNING * * *
You fade into invisibility!
You block the ynoxinul's attack.
You are very lightly contaminated with residual magic.
A demon appears!
It doesn't seem very happy.
The neqoxec shouts!
The ynoxinul gestures.
You don't have enough health at the moment.
The neqoxec shouts!
The ufetubus shouts!
The ynoxinul gestures at you. The iron shot hits you!
You die...

................##...........###<
.##.###.....######.).........# #P
##### ####.## ###.####+##.# ## #
#[## ### ## #..## ## ##...####.P#
##.P..5..... ## ##......3#### P#
##.......3†@.##
.#####.....÷.####..#
.#.....#.....##....#
.'.#####....##≈...## .P##
#.....##..## .## ##.....##### ##
##........# ##....[.### #..##.###


You could see a neqoxec (wandering), a ynoxinul and an ufetubus (wandering).

Vanquished Creatures
  3 two-headed ogres
  An elephant (D:10)
  5 spiny frogs (Lair:1)
  2 komodo dragons (Lair:1)
  2 trolls
  Prince Ribbit (D:9)
  Grinder (D:5)
  2 hippogriffs
  9 yaks
  3 hogs (D:7)
  A wyvern (D:9)
  A basilisk (D:10)
  A human (D:7)
  A hungry ghost (D:9)
  Menkaure (D:7)
  A soldier ant (D:10)
  3 water moccasins
  7 orc warriors (D:10)
  2 sky beasts
  An ice beast (D:10)
  2 phantoms
  An ogre (D:7)
  3 centaurs
  6 crocodiles
  6 bullfrogs
  3 scorpions
  5 wights (D:8)
  7 howler monkeys
  4 electric eels (D:10)
  A bullfrog zombie (D:8)
  2 crimson imps
  2 centaur zombies
  A quasit (D:10)
  2 hounds
  7 orc priests
  2 centaur skeletons
  3 jellies
  A bullfrog skeleton (D:10)
  A gnoll shaman (D:2)
  4 iguanas
  11 orc wizards
  A worker ant (D:9)
  A hound zombie (D:10)
  A worker ant zombie (D:10)
  Robin (D:4)
  8 gnolls
  17 adders
  A shadow imp (D:9)
  3 adder zombies
  7 worms
  A dart slug (D:1)
  7 leopard geckos
  43 orcs
  3 ball pythons
  6 giant cockroaches
  17 goblins
  14 hobgoblins
  13 jackals
  14 kobolds
  5 quokkas
  8 bats
  7 frilled lizards
  13 rats
313 creatures vanquished.

Vanquished Creatures (others)
  An orc (D:10)
1 creature vanquished.

Grand Total: 314 creatures vanquished

Notes
Turn   | Place    | Note
-------+----------+-------------------------------------------
     0 | D:1      | Bergy the Gargoyle Fighter began the quest for the Orb.
     0 | D:1      | Reached XP level 1. HP: 14/14 MP: 1/1
   251 | D:1      | Reached XP level 2. HP: 19/19 MP: 2/2
   406 | D:1      | Reached skill level 3 in Maces & Flails
   561 | D:1      | Reached XP level 3. HP: 23/23 MP: 3/3
  1141 | D:2      | Reached skill level 4 in Maces & Flails
  1143 | D:2      | Reached XP level 4. HP: 21/28 MP: 4/4
  1232 | D:2      | Reached skill level 5 in Maces & Flails
  1232 | D:2      | Reached XP level 5. HP: 15/32 MP: 5/5
  2161 | D:3      | Reached skill level 6 in Maces & Flails
  2161 | D:3      | Reached XP level 6. HP: 30/37 MP: 6/6
  2876 | D:3      | Reached skill level 7 in Maces & Flails
  3098 | D:3      | Reached XP level 7. HP: 25/41 MP: 7/7
  3626 | D:4      | Found a stormy altar of Qazlal.
  3689 | D:4      | Found an iron altar of Okawaru.
  3696 | D:4      | Found a snail-covered altar of Cheibriados.
  3820 | D:4      | Found a runed translucent door.
  3822 | D:4      | Noticed marsu's ghost (novice DENe)
  4034 | D:4      | Noticed Robin
  4055 | D:4      | Killed Robin
  4077 | D:4      | Found a hazy altar of Hepliaklqana.
  4197 | D:5      | Entered Level 5 of the Dungeon
  4377 | D:5      | Noticed Grinder
  4400 | D:5      | Reached skill level 8 in Maces & Flails
  4410 | D:5      | Paralysed by Grinder for 3 turns
  4436 | D:5      | Killed Grinder
  4536 | D:5      | Found a staircase to the Ecumenical Temple.
  4542 | Temple   | Entered the Ecumenical Temple
  4746 | D:5      | Found a glowing golden altar of the Shining One.
  4808 | D:5      | Reached skill level 9 in Maces & Flails
  4840 | D:5      | Reached XP level 8. HP: 46/46 MP: 8/8
  4992 | D:5      | Found a blossoming altar of Fedhas.
  4999 | D:5      | Found an opulent altar of Gozag.
  5003 | D:5      | Found Gozag's Platinum Reserve.
  5472 | D:6      | Reached skill level 10 in Maces & Flails
  5500 | D:6      | Found an ancient bone altar of Kikubaaqudgha.
  5707 | D:6      | Found a burning altar of Makhleb.
  5710 | D:6      | Became a worshipper of Makhleb the Destroyer
  5833 | D:7      | Found a sparkling altar of Nemelex Xobeh.
  6098 | D:7      | Found a shadowy altar of Dithmenos.
  6145 | D:7      | Found a shimmering altar of Xom.
  6145 | D:7      | Found a shimmering altar of Xom.
  6145 | D:7      | Found a shimmering altar of Xom.
  6147 | D:7      | Found a shimmering altar of Xom.
  6147 | D:7      | Found a shimmering altar of Xom.
  6245 | D:7      | Noticed Menkaure
  6264 | D:7      | Killed Menkaure
  6264 | D:7      | Reached skill level 11 in Maces & Flails
  6264 | D:7      | Reached XP level 9. HP: 51/51 MP: 9/9
  6429 | D:7      | Found a shadowy altar of Dithmenos.
  6430 | D:7      | Found an ornate altar of the Wu Jian Council.
  6635 | D:7      | Reached * piety under Makhleb
  6635 | D:7      | Reached skill level 12 in Maces & Flails
  6890 | D:8      | Noticed a two-headed ogre
  6907 | D:8      | Killed a two-headed ogre
  6907 | D:8      | Reached skill level 13 in Maces & Flails
  6907 | D:8      | Reached XP level 10. HP: 35/56 MP: 10/10
  7356 | D:8      | Found an iron altar of Okawaru.
  7513 | D:9      | Noticed Prince Ribbit
  7566 | D:9      | Killed Prince Ribbit
  7627 | D:9      | Reached ** piety under Makhleb
  7627 | D:9      | Reached skill level 14 in Maces & Flails
  7824 | D:9      | Found a runed translucent gate.
  7824 | D:9      | Found a runed translucent gate.
  7824 | D:9      | Found a runed translucent gate.
  7825 | D:9      | Found an opulent altar of Gozag.
  7825 | D:9      | Noticed demivan's ghost (novice MiFi)
  7826 | D:9      | Noticed a glowing orange brain
  8571 | D:9      | Found a glowing silver altar of Zin.
  8647 | D:9      | Reached skill level 5 in Shields
  9032 | D:10     | Entered Level 10 of the Dungeon
  9052 | D:10     | Noticed a two-headed ogre
  9072 | D:10     | Killed a two-headed ogre
  9072 | D:10     | Reached skill level 5 in Armour
  9139 | D:10     | Noticed an elephant
  9140 | D:10     | Found a staircase to the Lair.
  9176 | D:10     | Killed an elephant
  9176 | D:10     | Reached XP level 11. HP: 57/62 MP: 11/11
  9184 | D:10     | Reached skill level 5 in Fighting
  9509 | D:10     | Reached *** piety under Makhleb
  9654 | D:10     | Noticed a two-headed ogre
  9742 | D:10     | Killed a two-headed ogre
  9856 | D:10     | HP: 1/64 [orc warrior/+0 hand axe (15)]
 10219 | D:10     | Identified a scroll of acquirement
 10328 | D:10     | Found a staircase to the Orcish Mines.
 10517 | Lair:1   | Entered Level 1 of the Lair of Beasts
 10979 | Lair:1   | Reached skill level 10 in Shields
 11079 | Lair:1   | Reached **** piety under Makhleb
 11093 | Lair:1   | Reached XP level 12. HP: 35/72 MP: 12/12
 11101 | Lair:1   | Killed from afar by a ynoxinul

Levels and vault maps discovered:
D:1:      mrwooster_arrival_statue, layout_loops_cross
D:2:      layout_basic, st_stairs_8
D:3:      layout_loops_cross, serial_glass, glass_columns_a, glass_columns_a,
          glass_columns_b, glass_columns_b, glass_columns_b, glass_columns_c,
          glass_columns_a, glass_columns_c, glass_columns_a, glass_columns_b,
          bh_walls_and_bars
D:4:      layout_cave_pools, lemuel_coloured_pillars_altar,
          lemuel_crystal_altar, lemuel_crystal_altar, ebering_ghost_inner_flame,
          grunt_decor_resistance, cheibriados_altar_1, uniq_robin
D:5:      layout_basic, nicolae_gozag_zags_fifth_avenue,
          nicolae_overflow_crystal_walls, fedhas_altar_1,
          minmay_temple_entry_enclosed_plants, first_ration, uniq_grinder
D:6:      layout_loops_cross, old_standard_altar, kennysheep_mini
D:7:      layout_cave_pools, xom_redecorated, nemelex_xobeh_ov_fountains_minmay,
          gammafunk_temple_overflow_pools, basic_altar, grunt_livestock,
          uniq_menkaure
D:8:      layout_loops_ring, okawaru_altar_gauntlet_db
D:9:      layout_basic, lemuel_round_altar, ebering_ghost_gozag,
          uniq_prince_ribbit1
D:10:     layout_long_grid, david_lair_generic, erik_orc_2
Temple:   nicolae_temple_figure_zero
Lair:1:   layout_roguey, beast_lair_carwin_6

Skill      XL: |  1  2  3  4  5  6  7  8  9 10 11 |
---------------+----------------------------------+-----
Maces & Flails | 3 4 5 6 7 9 11 13 14 | 14.0
Shields        | 7 10 | 10.4
Armour         | 5 7 |  7.6
Fighting       | 4 7 |  7.1
Axes           | |  0.4

Action                   |  1- 3 |  4- 6 |  7- 9 | 10-12 || total
-------------------------+-------+-------+-------+-------++-------
Melee: Flail             |   132 |   284 |   548 |   590 ||  1554
       Demon whip        |       |       |       |   119 ||   119
       War axe           |       |       |       |    11 ||    11
Invok: Lesser Servant of |       |       |       |     2 ||     2
  Use: Scroll            |       |       |    10 |     5 ||    15
       Potion            |       |       |     2 |    10 ||    12
 Stab: Invisible         |       |       |       |     5 ||     5
  Eat: Chunk             |       |     8 |    13 |    12 ||    33
       Ration            |       |       |       |     3 ||     3
Armor: Scale mail        |    60 |   156 |   271 |   268 ||   755
       Ring mail         |       |       |       |     2 ||     2
Dodge: Dodged            |    39 |    97 |   127 |   163 ||   426
Block: Shield            |    71 |   133 |   225 |   288 ||   717
